 Dungeon Crawl Stone Soup version 0.25.0-9-g26727b657a (webtiles) character file.

Game seed: 1947160375912498159

39 Patate the Chucker (level 3, 0/36 HPs)
             Began as a Troll Hunter on June 21, 2020.
             Slain by Natasha (7 damage)
             ... on level 2 of the Dungeon.
             The game lasted 00:01:41 (709 turns).

Patate the Chucker (Troll Hunter)                    Turns: 709, Time: 00:01:41

Health: 0/36       AC:  7    Str: 20    XL:     3   Next: 26%
Magic:  2/2        EV: 10    Int:  7    God:
Gold:   39         SH:  0    Dex: 11    Spells: 2/2 levels left

rFire    . . .     SeeInvis .   (no weapon)
rCold    . . .     Gourm    +   (no shield)
rNeg     . . .     Faith    .   b - +1 robe
rPois    .         Spirit   .   (helmet restricted)
rElec    .         Reflect  .   (no cloak)
rCorr    .         Harm     .   (gloves unavailable)
MR       .....                  (boots unavailable)
Stlth    +.........             (no amulet)
HPRegen  0.52/turn              (no ring)
MPRegen  0.08/turn              (no ring)

@: about to teleport
A: large, unfitting armour, claws 3, fast metabolism 3, gourmand, regeneration
1, shaggy fur 1, tough skin 3
a: no special abilities


You were on level 2 of the Dungeon.
You were full.

You visited 1 branch of the dungeon, and saw 2 of its levels.

You collected 39 gold pieces.

Inventory:

Missiles
 c - 5 large rocks (quivered)
 d - 2 throwing nets
Armour
 b - a +1 robe (worn)
Wands
 k - a wand of disintegration (16)
Scrolls
 h - a scroll of teleportation
 i - 3 scrolls of identify
Potions
 a - a potion of cancellation {unknown}
 e - a potion of invisibility
 g - 2 potions of might {unknown}
 j - a potion of haste {unknown}
 l - a potion of magic {unknown}
Comestibles
 f - 7 rations


   Skills:
 * Level 2.4 Fighting
 + Level 3.9 Throwing
 + Level 2.0 Dodging
 - Level 0.3 Stealth


You had 2 spell levels left.
You didn't know any spells.
Your spell library was empty.

Dungeon Overview and Level Annotations

Branches:
Dungeon (2/15)

Altars:

Annotations:
D:2 Natasha, Terence


Innate Abilities, Weirdness & Mutations

You are too large for most types of armour.
You have claws for hands.
Your metabolism is lightning-fast.
You like to eat raw meat.
Your natural rate of healing is unusually fast.
You are covered in fur. (AC +1)
You have extremely tough skin. (AC +3)


Message History

You closely miss something. Something claws you.
* * * LOW HITPOINT WARNING * * *
You scratch something.
You feel sick. Something claws you but does no damage.
Terence screams, "I want your blood!"
You miss something. Something claws you but does no damage.
You miss something.
You hear some strange, mumbled words.
A magic dart appears from out of thin air!
The magic dart hits you.
* * * LOW HITPOINT WARNING * * *
You barely miss something. Something claws you but does no damage.
You closely miss something.
You feel sick.
You are no longer poisoned.
Terence barely misses you. Something claws you.
* * * LOW HITPOINT WARNING * * *
As you read the scroll of teleportation, it crumbles to dust.
You feel strangely unstable. Something claws you but does no damage.
Terence closely misses you.
You scratch something but do no damage. Something claws you!
You die...

...## .....##
....... #.#..###
###...... ...#..#
..########..#..#...
.......@@{K........
#.#########.#.##..
#...# #.#.# #.#.# #
#.#.# # #.#.# #
#.#.# # #.#.# #


You could see Terence and a kobold.

Vanquished Creatures
  An adder (D:2)
  An ooze (D:1)
  A dart slug (D:2)
  6 bats
  4 giant cockroaches
  2 goblins
  2 hobgoblins
  A frilled lizard (D:1)
  6 rats
24 creatures vanquished.

Notes
Turn   | Place    | Note
-------+----------+-------------------------------------------
     0 | D:1      | Patate the Troll Hunter began the quest for the Orb.
     0 | D:1      | Reached XP level 1. HP: 19/19 MP: 0/0
   196 | D:1      | Reached XP level 2. HP: 27/28 MP: 1/1
   602 | D:2      | Reached XP level 3. HP: 33/36 MP: 2/2
   690 | D:2      | Noticed Natasha
   700 | D:2      | Noticed Terence
   709 | D:2      | Slain by Natasha

Illustrated notes

Levels and vault maps discovered:
D:1:      lightli_arrival_lavapool, layout_basic
D:2:      kennysheep_big_flooded_room, layout_loops_ring, first_ration,
          uniq_natasha, uniq_terence

Skill      XL: |  1  2 |
---------------+-------+-----
Fighting       | 2 |  2.4
Dodging        | 2 |  2.0
Throwing       | |  3.9
Stealth        | |  0.3

Action                   || total
-------------------------++-------
Melee: Unarmed           ||    65
       Short sword       ||     2
  Use: Scroll            ||     8
  Eat: Chunk             ||     9
Armor: Robe              ||    38
Dodge: Dodged            ||    22
